 Dungeon Crawl Stone Soup version 0.26-a0-854-gdc81c2f471 (webtiles) character file.

Game seed: 16564304465829948052

6099 iamoutofideas the Tainter (level 10, -5/85 (90) HPs)
             Began as an Octopode Venom Mage on Nov 23, 2020.
             Was an Initiate of Gozag.
             Slain by a wraith (9 damage)
             ... on level 9 of the Dungeon.
             The game lasted 00:42:46 (15950 turns).

iamoutofideas the Tainter (Octopode Venom Mage)    Turns: 15950, Time: 00:42:47

HP:   -5/85 (90)    AC:  1    Str:  8    XL:     10   Next: 88%
MP:   22/22         EV: 17    Int: 20    God:    Gozag
Gold: 611           SH:  6    Dex: 13    Spells: 13/26 levels left

rFire    . . .     SeeInvis .   k - +2 short sword
rCold    . . .     Faith    .   p - +1 buckler {reflect}
rNeg     . . .     Spirit   .   (helmet restricted)
rPois    .         Reflect  +   (no amulet)
rElec    .         Harm     .   f - ring of resist corrosion
rCorr    +         Rampage  .   g - ring of stealth
MR       .....                  (no ring)
Stlth    ..........             (no ring)
HPRegen  0.24/turn              (no ring)
MPRegen  0.18/turn              (no ring)
                                (no ring)
                                (no ring)

@: berserking (expiring), hasted and slowed, lightly drained
A: almost no armour, stealthy swim, amphibious, 8 rings, constrict 8, camouflage
1, gelatinous body 1
a: Potion Petition, Call Merchant, Bribe Branch, Renounce Religion


You were on level 9 of the Dungeon.
You worshipped Gozag.
Gozag was pleased with you.
You visited 2 branches of the dungeon, and saw 10 of its levels.

You collected 1008 gold pieces.
You paid 397 gold pieces to Gozag.

Inventory:

Hand Weapons
 k - a +2 short sword (weapon)
Armour
 p - a +1 buckler of reflection (worn)
Jewellery
 f - a ring of resist corrosion (left tentacle)
 g - a ring of stealth (right tentacle)
Wands
 b - a wand of paralysis (5)
 n - a wand of iceblast (8)
 r - a wand of flame (43)
 w - a wand of random effects (17)
Scrolls
 a - a scroll of enchant weapon
 c - a scroll of blinking
 h - 2 scrolls of teleportation
 i - 2 scrolls of enchant armour
 j - 2 scrolls of amnesia
 m - a scroll of fear
 o - 3 scrolls of identify
 q - 4 scrolls of remove curse
 v - a scroll of holy word {unknown}
 y - a scroll of magic mapping
 A - 3 scrolls of fog {unknown}
Potions
 d - a potion of resistance
 e - a potion of haste
 l - 4 potions of attraction
 s - 2 potions of curing
 t - a potion of mutation
 x - a potion of brilliance {unknown}
 z - a potion of might {unknown}


   Skills:
 + Level 2.1(1.9) Fighting
 * Level 7.1(7.0) Dodging
 + Level 5.5(5.4) Stealth
 - Level 4.0(3.8) Shields
 * Level 8.8(8.6) Spellcasting
 + Level 0.3(0.1) Conjurations
 - Level 1.6(1.5) Transmutations
 + Level 11.3(11.2) Poison Magic
 + Level 0.7(0.6) Evocations


You had 13 spell levels left.
You knew the following spells:

 Your Spells              Type           Power        Failure   Level
a - Sting                 Tmut/Pois      ####         1%          1
b - Poisonous Vapours     Pois/Air       ####..       1%          2
c - Ignite Poison         Fire/Tmut/Pois ####....     4%          3
d - Mephitic Cloud        Conj/Pois/Air  ###.....     4%          3
e - Olgreb's Toxic Radia  Pois           ######..     1%          4

Your spell library contained the following spells:

 Spells                   Type           Power        Failure   Level


Dungeon Overview and Level Annotations

Branches:
Dungeon (9/15)             Temple (1/1) D:7            Lair (0/6) D:9
    Orc: D:9-12

Altars:
Ashenzari
Cheibriados
Dithmenos
Elyvilon
Fedhas
Gozag
Hepliaklqana
Kikubaaqudgha
Makhleb
Nemelex Xobeh
Okawaru
Qazlal
Ru
Sif Muna
Trog
Uskayaw
Vehumet
Wu Jian
Xom
Yredelemnul
Zin
The Shining One
Jiyva

Portals:
Abyss: D:7

Annotations:
D:3 exclusion: downstairs
D:5 2 transporters, exclusion: downstairs, robertstho's ghost, amateur KoDe
D:6 2 runed translucent doors, kd29's ghost, novice DrCj
D:7 2 transporters, DatorSojat's ghost, novice MiMo
D:8 3 runed translucent doors, exclusion: downstairs, case's ghost, novice HuFi


Innate Abilities, Weirdness & Mutations

You cannot wear most types of armour.
You are very stealthy in the water. (Stealth+)
You are amphibious.
You can wear up to eight rings at the same time.
You can use your tentacles to constrict eight enemies at once.
Your skin changes colour to match your surroundings (Stealth+).
Your rubbery body absorbs attacks. (AC +1, EV +1)


Message History

The wraith is severely damaged.
The wraith closely misses you.
You hit the wraith.
The wraith is almost destroyed.
The wraith barely misses you.
You barely miss the wraith.
The wraith is almost destroyed.
You feel yourself speed up. The wraith closely misses you.
You hit the wraith but do no damage.
The wraith is almost destroyed.
The wraith hits you!
* * * LOW HITPOINT WARNING * * *
The wraith drains your vigour!
You feel yourself slow down.
You are too berserk!
You barely miss the wraith.
The wraith is almost destroyed.
The wraith hits you!
You die...
Your body crumbles into a pile of gold.

....... ###.###
#)....... .......
.#####...###..[.....
#......
................)...
......
###.######..##......(.
......
#..##.##..#.##........
......
#.#..#..#.#...........
#.####..##..#########
#.#...#.##..#
#.#.#@###.#..#
##.#W#.#.##..#
#.#####.# ..# .#
#..#.# #. #.##..# .# #
##..# .. ..# .. ###


You could see a wraith.

Vanquished Creatures
  An elephant (D:9)
  Grinder (D:5)
  A wyvern (D:9)
  6 yaks (D:9)
  A wraith (D:9)
  A basilisk (D:9)
  Duvessa (D:7)
  6 orc warriors
  2 sky beasts
  2 ice beasts
  A black bear (D:9)
  An ogre (D:7)
  3 phantoms
  A necrophage (D:9)
  2 centaurs (D:6)
  A big kobold (D:9)
  A wyvern zombie (D:7)
  5 bullfrogs
  3 scorpions
  Dowan (D:7)
  9 wights
  A howler monkey (D:8)
  3 centaur zombies
  A quasit (D:5)
  5 hounds
  7 orc priests
  2 jellies
  9 orc wizards
  A bullfrog skeleton (D:5)
  2 centaur skeletons
  7 worker ants
  2 hound zombies (D:4)
  A hound skeleton (D:9)
  3 worker ant zombies
  7 gnolls (D:9)
  A howler monkey zombie (D:4)
  2 river rats (D:6)
  19 adders
  2 white imps
  An ufetubus (D:7)
  An ooze (D:1)
  An adder zombie (D:4)
  5 adder skeletons
  3 worms
  A dart slug (D:2)
  2 leopard geckos
  32 orcs
  5 giant cockroaches
  5 goblins
  8 hobgoblins
  4 kobolds
  5 quokkas
  9 ball pythons
  10 bats
  2 frilled lizards
  A jackal zombie (D:6)
  A quokka skeleton (D:4)
  A quokka zombie (D:4)
  8 rats
230 creatures vanquished.

Notes
Turn   | Place    | Note
-------+----------+-------------------------------------------
     0 | D:1      | iamoutofideas the Octopode Venom Mage began the quest for
                  | the Orb.
     0 | D:1      | Reached XP level 1. HP: 11/11 MP: 3/3
   399 | D:1      | Reached XP level 2. HP: 15/17 MP: 0/5
   815 | D:2      | Reached skill level 4 in Poison Magic
   834 | D:2      | Reached XP level 3. HP: 13/21 MP: 0/6
   982 | D:2      | Learned a level 2 spell: Poisonous Vapours
  1010 | D:2      | Learned a level 3 spell: Ignite Poison
  1096 | D:2      | Reached skill level 5 in Poison Magic
  1096 | D:2      | Reached XP level 4. HP: 15/27 MP: 1/7
  2042 | D:2      | Reached XP level 5. HP: 31/32 MP: 4/8
  3212 | D:3      | Learned a level 3 spell: Mephitic Cloud
  3219 | D:3      | Reached skill level 6 in Poison Magic
  3219 | D:3      | Reached XP level 6. HP: 29/37 MP: 2/10
  5270 | D:4      | HP: 1/37 [centaur zombie (4)]
  5848 | D:4      | Reached XP level 7. HP: 33/42 MP: 12/12
  5853 | D:4      | Learned a level 4 spell: Olgreb's Toxic Radiance
  6270 | D:4      | Reached skill level 1 in Fighting
  6270 | D:4      | Reached skill level 7 in Poison Magic
  6755 | D:5      | Entered Level 5 of the Dungeon
  6803 | D:5      | Found a hazy altar of Hepliaklqana.
  6941 | D:5      | Noticed Grinder
  6960 | D:5      | Paralysed by Grinder for 6 turns
  6974 | D:5      | Paralysed by Grinder for 2 turns
  6985 | D:5      | Paralysed by Grinder for 6 turns
  7145 | D:5      | Found a transporter.
  7150 | D:5      | Noticed robertstho's ghost (amateur KoDe)
  7371 | D:5      | Found a transporter.
  7567 | D:6      | Reached XP level 8. HP: 26/48 MP: 6/14
  8069 | D:6      | Reached skill level 5 in Spellcasting
  8143 | D:6      | Reached skill level 8 in Poison Magic
  8519 | D:5      | Paralysed by Grinder for 4 turns
  8842 | D:7      | Identified the +1 trident "Deogu" {distort, rN++ Str+4}
  8972 | D:7      | Reached skill level 5 in Dodging
  9002 | D:7      | HP: 2/50 [quokka (4)]
  9333 | D:7      | Reached XP level 9. HP: 52/54 MP: 6/18
  9518 | D:7      | Found a staircase to the Ecumenical Temple.
  9523 | Temple   | Entered the Ecumenical Temple
  9931 | Temple   | Became a worshipper of Gozag Ym Sagoz the Greedy
 10012 | D:7      | Reached skill level 9 in Poison Magic
 10029 | D:7      | Found a transporter.
 10175 | D:7      | Noticed an ancient zyme
 10176 | D:7      | Found a one-way gate to the infinite horrors of the Abyss.
 10176 | D:7      | Noticed DatorSojat's ghost (novice MiMo)
 10197 | D:7      | Found a transporter.
 10404 | D:7      | Noticed Dowan
 10406 | D:7      | Noticed Duvessa
 10416 | D:7      | Killed Dowan
 10417 | D:7      | Killed Duvessa
 11379 | D:6      | Reached skill level 5 in Stealth
 11730 | D:6      | Reached skill level 10 in Poison Magic
 12180 | D:6      | Found a large runed translucent door.
 12180 | D:6      | Found a large runed translucent door.
 12182 | D:6      | Noticed kd29's ghost (novice DrCj)
 12691 | D:5      | Killed Grinder
 12856 | D:6      | Identified a scroll of acquirement
 12857 | D:6      | Acquired a +1 buckler of reflection
 12968 | D:8      | Reached skill level 1 in Shields
 13554 | D:8      | Reached XP level 10. HP: 60/60 MP: 15/21
 13644 | D:8      | Found a runed translucent gate.
 13644 | D:8      | Noticed case's ghost (novice HuFi)
 13645 | D:8      | Found a runed translucent gate.
 13899 | D:8      | Found a runed translucent gate.
 13901 | D:8      | Found a viscous altar of Jiyva.
 14797 | D:9      | Found a staircase to the Lair.
 14797 | D:9      | Noticed an elephant
 15026 | D:9      | Killed an elephant
 15027 | D:9      | Reached skill level 11 in Poison Magic
 15905 | D:9      | Found the +5 scythe "Finisher" {speed, eviscerate}
 15949 | D:9      | HP: 4/85 [wraith (7)]
 15950 | D:9      | Slain by a wraith

Illustrated notes

Levels and vault maps discovered:
D:1:      dpeg_arrival_round_a, layout_loops_cross, corner_web_ring
D:2:      layout_rooms
D:3:      layout_basic, minmay_snake_closets
D:4:      layout_loops_ring, serial_undead, serial_undead_c, serial_undead_d,
          serial_undead_e, serial_undead_d, minmay_close_crescents
D:5:      layout_loops_ring, kennysheep_mini_moat, gammafunk_ghost_stat_death,
          uniq_grinder
D:6:      layout_cave_pools, ebering_ghost_disaster_area,
          gup_sewer_entry_bubbles
D:7:      layout_basic, minmay_temple_entry_ruins,
          gammafunk_ghost_abyssal_escape, hex_medium, minmay_misc_feat_pillars,
          uniq_duvessa
D:8:      layout_basic, gammafunk_ghost_ooze, grunt_decor_clamped, dk_vineyard_1
D:9:      layout_rooms, david_lair_generic, minmay_guarded_unrand_finisher
Temple:   nicolae_temple_the_god_donut

Skill      XL: |  1  2  3  4  5  6  7  8  9 10 |
---------------+-------------------------------+-----
Stealth        | 3 4 5 |  5.5
Poison Magic   | 4 5 6 7 8 10 11 | 11.3
Dodging        | 3 4 5 7 |  7.1
Spellcasting   | 3 4 6 7 8 |  8.8
Fighting       | 1 2 |  2.1
Shields        | 3 4 |  4.0
Conjurations   | |  0.3
Transmutations | |  1.6
Evocations     | |  0.7

Action                   |  1- 3 |  4- 6 |  7- 9 | 10-12 || total
-------------------------+-------+-------+-------+-------++-------
Melee: Unarmed           |    33 |    80 |       |       ||   113
       Tentacles         |    10 |    21 |    40 |    17 ||    88
       Constrict         |     9 |    14 |    39 |    11 ||    73
       Short sword       |       |    19 |   194 |    80 ||   293
 Cast: Sting             |    31 |    72 |    14 |     4 ||   121
       Poisonous Vapours |       |    38 |    26 |     7 ||    71
       Mephitic Cloud    |       |     2 |    32 |    15 ||    49
       Ignite Poison     |       |     1 |    26 |    12 ||    39
       Olgreb's Toxic Ra |       |       |    18 |    16 ||    34
Invok: Potion Petition   |       |       |       |     1 ||     1
Evoke: Wand              |       |       |     8 |     3 ||    11
  Use: Potion            |     2 |     7 |     6 |     2 ||    17
       Scroll            |       |     6 |    11 |       ||    17
 Stab: Sleeping          |     1 |     2 |     7 |     1 ||    11
       Distracted        |       |       |     2 |       ||     2
Armor: Skin              |     1 |    39 |    15 |     3 ||    58
Dodge: Dodged            |    45 |   127 |   177 |    81 ||   430
Block: Buckler           |       |       |       |     8 ||     8
       Reflection        |       |       |       |     1 ||     1

Table legend: (Time is in decaauts)
 A = Elapsed time spent in this place.
 B = Non-inter-level travel time spent in this place.
 C = Inter-level travel time spent in this place.
 D = Time resting spent in this place.
 E = Time spent auto-exploring this place.
 F = Levels seen in this place.
 G = Mean time per level.
                   A        B        C        D        E       F      G
               +--------+--------+--------+--------+--------+-----+--------+
         Total |  15942 |  15191 |    751 |   7483 |   5046 |  10 | 1594.2 |
       Dungeon |  15522 |  14798 |    724 |   7483 |   4655 |   9 | 1724.7 |
        Temple |    419 |    392 |     27 |      0 |    391 |   1 |  419.0 |
               +--------+--------+--------+--------+--------+-----+--------+

Top non-repeatable levels by time:
     D:7: 2823 daAuts
     D:8: 2616 daAuts
     D:3: 2447 daAuts
     D:4: 2109 daAuts
     D:2: 1668 daAuts
     D:5: 1275 daAuts
     D:6: 1233 daAuts
     D:1: 889 daAuts
     D:9: 458 daAuts
  Temple: 419 daAuts
